[Event "EWIRCC 2019"]
[Site "Monte-Carlo"]
[Date "2019.12.01"]
[Round "10.2"]
[White "Zhukova, Natalia"]
[Black "Rogule, Laura"]
[Result "1-0"]
[ECO "A28"]
[WhiteElo "2323"]
[BlackElo "2293"]
[Annotator "NA"]
[PlyCount "71"]
[EventDate "2019.11.28"]
[EventType "swiss"]
[EventCountry "MNC"]
[SourceTitle "playchess.com"]
[Source "ChessBase"]
[SourceQuality "1"]
[TimeControl "5400+30"]

1. c4 e5 2. Nc3 Nf6 3. Nf3 Nc6 4. e4 Bb4 5. d3 d6 6. a3 Bc5 7. b4 Bb6 8. Na4 Bd4 9. Rb1 h6 10. b5 Ne7 11. Nxd4 exd4 12. Be2 c5 13. bxc6 bxc6 14. O-O Nd7 15. Bf4 Nb6 16. c5 Nxa4 17. Qxa4 dxc5 18. Rfc1 O-O 19. Rxc5 Be6 20. Be5 Ng6 21. Bg3 Qf6 22. Bf1 Rfc8 23. Rxc6 h5 24. Rxc8+ Rxc8 25. Rb8 h4 26. Rxc8+ Bxc8 27. Bb8 Bg4 28. h3 Be6 29. Bxa7 Nf4 30. Qxd4 Qg5 31. Kh2 Nxh3 32. gxh3 Qf4+ 33. Kh1 Qf3+ 34. Bg2 Qd1+ 35. Kh2 Kh7 36. Qe3 1-0

[Event "EWIRCC 2019"]
[Site "Monte-Carlo"]
[Date "2019.12.01"]
[Round "10.3"]
[White "Cramling, Pia"]
[Black "Muzychuk, Anna"]
[Result "1/2-1/2"]
[ECO "A33"]
[WhiteElo "2443"]
[BlackElo "2543"]
[Annotator "ChessBase"]
[PlyCount "63"]
[EventDate "2019.11.28"]
[EventType "swiss"]
[EventCountry "MNC"]
[SourceTitle "playchess.com"]
[Source "ChessBase"]
[SourceQuality "1"]
[TimeControl "5400+30"]

1. Nf3 c5 2. c4 Nc6 3. d4 cxd4 4. Nxd4 Nf6 5. Nc3 e6 6. a3 Be7 7. g3 b6 8. Nxc6 dxc6 9. Qxd8+ Bxd8 10. Bg2 Bb7 11. Nb5 Ke7 12. Bf4 Ne8 13. O-O-O a6 14. Nd6 Nxd6 15. Bxd6+ Ke8 16. Rd3 h5 17. h4 g5 18. hxg5 Bxg5+ 19. f4 Bf6 20. c5 b5 21. Bf3 h4 22. g4 Rd8 23. e4 e5 24. g5 Be7 25. Kc2 exf4 26. Be5 Rxd3 27. Kxd3 Rg8 28. Rxh4 Bxg5 29. Rg4 Rg6 30. Bxf4 Be7 31. b4 Bc8 32. Rxg6 1/2-1/2

[Event "EWIRCC 2019"]
[Site "Monte-Carlo"]
[Date "2019.12.01"]
[Round "10.6"]
[White "Chiburdanidze, Maia"]
[Black "Batsiashvili, Nino"]
[Result "1/2-1/2"]
[ECO "D30"]
[WhiteElo "2500"]
[BlackElo "2422"]
[Annotator "ChessBase"]
[PlyCount "66"]
[EventDate "2019.11.28"]
[EventType "swiss"]
[EventCountry "MNC"]
[SourceTitle "playchess.com"]
[Source "ChessBase"]
[SourceQuality "1"]
[TimeControl "5400+30"]

1. d4 Nf6 2. Nf3 d5 3. c4 e6 4. e3 g6 5. Bd3 Bg7 6. O-O O-O 7. Nc3 Nbd7 8. b3 c5 9. cxd5 exd5 10. Bb2 b6 11. Rc1 Bb7 12. Na4 Rc8 13. Ba3 Ne4 14. dxc5 Ndxc5 15. Nxc5 bxc5 16. Bxe4 dxe4 17. Nd2 Qd3 18. Nc4 Rfd8 19. Qxd3 exd3 20. Rfd1 Ba6 21. Rd2 Rd5 22. Bb2 Bxc4 23. bxc4 Rd6 24. Bxg7 Kxg7 25. Rb1 Rcd8 26. f3 Ra6 27. Rb5 Rc8 28. Rb3 Ra4 29. Rdxd3 Rxc4 30. Rd7 Rc1+ 31. Kf2 Rc2+ 32. Kg3 Rxa2 33. Rbb7 Rf8 1/2-1/2

[Event "EWIRCC 2019"]
[Site "Monte-Carlo"]
[Date "2019.12.01"]
[Round "10.7"]
[White "Sebag, Marie"]
[Black "Gunina, Valentina"]
[Result "0-1"]
[ECO "B12"]
[WhiteElo "2443"]
[BlackElo "2509"]
[Annotator "ChessBase"]
[PlyCount "82"]
[EventDate "2019.11.28"]
[EventType "swiss"]
[EventCountry "MNC"]
[SourceTitle "playchess.com"]
[Source "ChessBase"]
[SourceQuality "1"]
[TimeControl "5400+30"]

1. e4 c6 2. d4 d5 3. e5 Bf5 4. Nf3 e6 5. Be2 Nd7 6. O-O h6 7. Nbd2 Ne7 8. c3 a5 9. a4 Qc7 10. Nb3 Bh7 11. Ne1 Nf5 12. f4 Be7 13. Bd3 c5 14. dxc5 Nxc5 15. Nxc5 Bxc5+ 16. Kh1 h5 17. Bb5+ Ke7 18. Rf3 h4 19. Rh3 Bg6 20. b3 f6 21. Nd3 Ba7 22. Qe1 Kf7 23. c4 d4 24. c5 Bh5 25. Bc4 Rae8 26. Nf2 Bxc5 27. Bd2 b6 28. Rc1 Qb7 29. Bd3 Rc8 30. Bxf5 exf5 31. Rxh4 Bf3 32. Rxh8 Bxg2+ 33. Kg1 Rxh8 34. Nd3 Bh3 35. Qg3 Rh6 36. Nxc5 bxc5 37. Rxc5 fxe5 38. fxe5 Rg6 39. Bg5 Qe4 40. e6+ Qxe6 41. Re5 Rxg5 0-1

[Event "EWIRCC 2019"]
[Site "Monte-Carlo"]
[Date "2019.12.01"]
[Round "10.9"]
[White "Michna, Marta"]
[Black "Kashlinskaya, Alina"]
[Result "0-1"]
[ECO "D02"]
[WhiteElo "2366"]
[BlackElo "2486"]
[Annotator "ChessBase"]
[PlyCount "53"]
[EventDate "2019.11.28"]
[EventType "swiss"]
[EventCountry "MNC"]
[SourceTitle "playchess.com"]
[Source "ChessBase"]
[SourceQuality "1"]
[TimeControl "5400+30"]

1. d4 Nf6 2. c3 d5 3. Bf4 e6 4. e3 Bd6 5. Nd2 O-O 6. Bg3 c5 7. Bd3 Nc6 8. Ngf3 b6 9. Ne5 Bb7 10. O-O Qc7 11. f4 Ne7 12. Qf3 Nf5 13. Bf2 Be7 14. Qh3 Nd6 15. Rad1 Nfe4 16. dxc5 bxc5 17. c4 Rad8 18. Ndf3 f6 19. Qxe6+ Kh8 20. Bh4 Bc8 21. Qxd5 fxe5 22. fxe5 Nf5 23. Qxe4 Bb7 24. Qg4 Bxf3 25. Rxf3 Nxh4 26. Rh3 Qxe5 27. Qe4 0-1

[Event "EWIRCC 2019"]
[Site "Monte-Carlo"]
[Date "2019.12.01"]
[Round "10.14"]
[White "Guichard, Pauline"]
[Black "Belenkaya, Dina"]
[Result "0-1"]
[ECO "D00"]
[WhiteElo "2407"]
[BlackElo "2302"]
[Annotator "NA"]
[PlyCount "102"]
[EventDate "2019.11.28"]
[EventType "swiss"]
[EventCountry "MNC"]
[SourceTitle "playchess.com"]
[Source "ChessBase"]
[SourceQuality "1"]
[TimeControl "5400+30"]

1. d4 d5 2. Bf4 c5 3. e3 Nc6 4. c3 Nf6 5. Nd2 Bf5 6. Ngf3 e6 7. Bb5 Qb6 8. Qa4 a6 9. Bxc6+ Qxc6 10. Qxc6+ bxc6 11. h3 Nd7 12. Nb3 c4 13. Na5 c5 14. b3 cxd4 15. exd4 Ba3 16. Bc1 Bxc1 17. Rxc1 Rc8 18. b4 Rc7 19. O-O Ke7 20. Rfe1 f6 21. Re3 Kd6 22. Rce1 Re8 23. Nh4 Bc2 24. f4 h6 25. R3e2 Be4 26. Kf2 g5 27. fxg5 hxg5 28. Nf3 Nf8 29. Rb2 Rb8 30. Nd2 Bd3 31. a4 Ng6 32. b5 Rb6 33. g3 e5 34. Nf3 e4 35. Ng1 f5 36. Rb4 axb5 37. axb5 f4 38. h4 Ra7 39. Ra1 e3+ 40. Kf3 Rf7 41. hxg5 Be4+ 42. Ke2 f3+ 43. Nxf3 Rxf3 44. Rg1 Ne7 45. g6 Nxg6 46. Nc6 Rb7 47. g4 Nf4+ 48. Kd1 e2+ 49. Ke1 Nd3+ 50. Kxe2 Nxb4 51. Nxb4 Rxc3 0-1

[Event "EWIRCC 2019"]
[Site "Monte-Carlo"]
[Date "2019.12.01"]
[Round "10.19"]
[White "Babiy, Olga"]
[Black "Antova, Gabriela"]
[Result "0-1"]
[ECO "B84"]
[WhiteElo "2249"]
[BlackElo "2314"]
[Annotator "NA"]
[PlyCount "96"]
[EventDate "2019.11.28"]
[EventType "swiss"]
[EventCountry "MNC"]
[SourceTitle "playchess.com"]
[Source "ChessBase"]
[SourceQuality "1"]
[TimeControl "5400+30"]

1. e4 c5 2. Nf3 d6 3. d4 cxd4 4. Nxd4 Nf6 5. Nc3 a6 6. Be3 e6 7. Be2 Be7 8. f4 Qc7 9. Qd2 b5 10. Bf3 Bb7 11. a3 Nbd7 12. f5 e5 13. Nde2 Nb6 14. b3 Rc8 15. g4 h6 16. h4 h5 17. g5 Ng4 18. Bxg4 hxg4 19. Kf2 d5 20. exd5 b4 21. axb4 Bxb4 22. Qd3 Bxc3 23. Nxc3 Nxd5 24. Nxd5 Qxc2+ 25. Qd2 Bxd5 26. Rhc1 Qxf5+ 27. Kg1 Rd8 28. Qh2 Qe4 29. Re1 Rxh4 30. Bb6 Rxh2 31. Rxe4 g3 32. Rxe5+ Kf8 33. Rxd5 Rxd5 34. Bc7 Rxg5 35. Rxa6 Kg8 36. b4 Rb2 37. Ra3 Rd5 38. Ra1 Rbd2 39. Ra8+ Kh7 40. Bxg3 Rg5 41. Ra3 Rb2 42. Kf1 Rxb4 43. Kf2 Rgb5 44. Ra7 Rb7 45. Ra8 f6 46. Kf3 g5 47. Ra6 Kg6 48. Bf2 Rf4+ 0-1

[Event "EWIRCC 2019"]
[Site "Monte-Carlo"]
[Date "2019.12.01"]
[Round "10.20"]
[White "Janzelj, Lara"]
[Black "Leconte, Maria"]
[Result "1-0"]
[ECO "E90"]
[WhiteElo "2158"]
[BlackElo "2244"]
[Annotator "NA"]
[PlyCount "61"]
[EventDate "2019.11.28"]
[EventType "swiss"]
[EventCountry "MNC"]
[SourceTitle "playchess.com"]
[Source "ChessBase"]
[SourceQuality "1"]
[TimeControl "5400+30"]

1. d4 Nf6 2. c4 d6 3. Nf3 Nbd7 4. Nc3 e5 5. e4 c6 6. Be3 g6 7. Be2 Bg7 8. h3 O-O 9. d5 Qc7 10. g4 Nc5 11. Nd2 a5 12. h4 b5 13. dxc6 bxc4 14. g5 Nh5 15. Nd5 Qd8 16. Bxc5 dxc5 17. Bxh5 gxh5 18. Qxh5 Ra6 19. Rg1 Rxc6 20. Nf6+ Rxf6 21. gxf6 Qxf6 22. O-O-O Be6 23. Qg5 Kh8 24. Rg3 h6 25. Qe3 Qxh4 26. Rdg1 Bf6 27. Qxc5 Rc8 28. Qe3 c3 29. bxc3 Bg5 30. Qf3 Rd8 31. Rxg5 1-0